 Dungeon Crawl Stone Soup version 0.29.1-15-g9cfb28693d (webtiles) character file.

Game seed: 18115666769265633359

574 Heoruswealwe the Magician (level 7, 0/35 (36) HPs)
             Began as a Deep Elf Earth Elementalist on Apr 12, 2023.
             Slain by Grinder (6 damage)
             ... on level 4 of the Dungeon.
             The game lasted 00:26:11 (2574 turns).

Heoruswealwe the Magician (DEEE)                    Turns: 2574, Time: 00:26:12

HP:   0/35 (36)     AC:  5    Str:  5    XL:     7   Next: 12%
MP:   17/20         EV: 12    Int: 22    God:
Gold: 159           SH:  0    Dex: 15    Spells: 7/21 levels left

rFire   . . .      SeeInvis .   w - +0 hammer
rCold   . . .      Faith    .   (no shield)
rNeg    . . .      Spirit   .   a - +0 robe
rPois   .          Reflect  .   g - +2 hat
rElec   .          Harm     .   r - +0 cloak
rCorr   .          Rampage  .   (no gloves)
Will    .....                   (no boots)
Stlth   ++........              (no amulet)
HPRegen 0.11/turn               (no ring)
MPRegen 0.17/turn               (no ring)

@: lightly drained
A: no striking features
a: no special abilities


You were on level 4 of the Dungeon.
You visited 1 branch of the dungeon, and saw 4 of its levels.

You collected 217 gold pieces.
You spent 58 gold pieces at shops.

Inventory:

Hand Weapons
 w - a +0 hammer (weapon)
Armour
 a - a +0 robe (worn)
 g - a +2 hat (worn)
 o - a +0 robe
 r - a +0 cloak (worn)
 v - a +0 cloak
Wands
 s - a wand of paralysis (11)
Scrolls
 i - a scroll of enchant armour {unknown}
 j - a scroll of blinking {unknown}
 l - a scroll of identify {unknown}
 m - a scroll of magic mapping {unknown}
 n - a scroll of amnesia {unknown}
 p - 2 scrolls of teleportation {unknown}
 u - 2 scrolls of fear {unknown}
Potions
 b - a potion of magic
 c - 6 potions of attraction {unknown}
 d - a potion of heal wounds {unknown}
 e - 4 potions of curing {unknown}
 f - 2 potions of mutation {unknown}
 h - a potion of degeneration {unknown}
 k - a potion of berserk rage {unknown}
 q - a potion of cancellation {unknown}
 t - 3 potions of flight {unknown}


   Skills:
 - Level 2.4 Dodging
 - Level 2.4 Stealth
 + Level 7.6 Spellcasting
 - Level 1.1 Transmutations
 + Level 6.7 Earth Magic


You had 7 spell levels left.
You knew the following spells:

 Your Spells              Type           Power      Damage    Failure   Level
a - Sandblast             Erth           76%        2d16      1%          1
b - Stone Arrow           Conj/Erth      46%        3d9       6%          3
c - Petrify               Tmut/Erth      25%        N/A       16%         4
d - Leda's Liquefaction   Hex/Erth       11%        N/A       19%         4
z - Passwall              Tmut/Erth      20%        N/A       2%          2

Your spell library contained the following spells:

 Spells                   Type           Power      Damage    Failure   Level
 Beastly Appendage        Tmut           26%        N/A       4%          1
 Wereblood                Tmut           13%        N/A       8%          2
 Blink                    Tloc           16%        N/A       12%         2
 Lee's Rapid Deconstruct  Erth           19%        3d12*     13%         5
 Spider Form              Tmut/Pois      10%        N/A       19%         3
 Lesser Beckoning         Tloc           8%         N/A       22%         3
 Portal Projectile        Hex/Tloc       16%        N/A       22%         3
 Tukima's Dance           Hex            8%         N/A       22%         3
 Blade Hands              Tmut           6%         N/A       80%         5
 Manifold Assault         Tloc           8%         N/A       91%         5
 Statue Form              Tmut/Erth      16%        N/A       93%         6


Dungeon Overview and Level Annotations

Branches:
Dungeon (4/15)
 Temple: D:4-7

Altars:
Ashenzari
Cheibriados
Dithmenos
Okawaru
Uskayaw
Wu Jian
The Shining One

Shops:
D:1 *

Annotations:
D:4 Grinder


Message History

You destroy the bush!
You open the door.
Found 10 gold pieces.
Found a stone staircase leading down.
There is an open door here.
You open the door.
There is an open door here.
There is an open door here.
You open the door.
There is an open door here.
There is an open door here.
You now have 159 gold pieces (gained 10).
There is an open door here.
Search for what [Enter for "."]? .
Found a glowing mace.
Grinder comes into view.
Grinder shouts!
Grinder hits you!
You see here a +0 mace of protection.
The blast of sand hits Grinder.
Grinder is lightly wounded.
Grinder hits you.
You writhe in agony.
The blast of sand hits Grinder!
Grinder is moderately wounded.
Grinder closely misses you.
Grinder says, "You look like you could use a good racking."
Grinder closely misses you.
The blast of sand hits Grinder.
Grinder is heavily wounded.
Grinder gestures at you.
You suddenly lose the ability to move!
Grinder blinks!
Grinder says, "Just stop there for a second..."
Grinder barely misses you.
You can move again.
The blast of sand hits Grinder!
Grinder is severely wounded.
Grinder hits you!
You writhe in agony.
Grinder hits you!
* * * LOW HITPOINT WARNING * * *
You writhe in agony.
You die...

# ##.## # #.# .# # #.#
.## # #)# .. #.# ##.###
#.# ..... #.# #..# #
##.## #.###.##.#
####...###...@5...# #
#.......######.#.##
####.......#####.....###
'.......................+
####.......#####.....####
# #....##.# #.#...#
#.#.###.# #.....#
#.#.###.# ###.###
#####......# .#


You could see Grinder.

Vanquished Creatures
  Eustachio (D:4)
  Menkaure (D:4)
  An ogre (D:4)
  A jelly (D:4)
  Crazy Yiuf (D:4)
  6 gnolls
  2 adders (D:2)
  4 worms
  3 dart slugs
  An orc (D:3)
  4 bats
  7 endoplasms
  2 giant cockroaches
  7 goblins
  7 hobgoblins
  4 jackals (D:1)
  4 quokkas
  8 ball pythons
  A frilled lizard (D:1)
  7 kobolds
  3 rats
  2 bushes (D:4)
77 creatures vanquished.

Vanquished Creatures (others)
  3 fungi (D:4)
3 creatures vanquished.

Grand Total: 80 creatures vanquished

Notes
Turn   | Place    | Note
-------+----------+-------------------------------------------
     0 | D:1      | Heoruswealwe the Deep Elf Earth Elementalist began the
                  | quest for the Orb.
     0 | D:1      | Reached XP level 1. HP: 10/10 MP: 6/6
    69 | D:1      | Found Bagexosk's Assorted Antiques.
    96 | D:1      | Reached XP level 2. HP: 15/15 MP: 2/8
   318 | D:1      | Reached skill level 4 in Spellcasting
   368 | D:1      | Reached XP level 3. HP: 19/19 MP: 7/10
   372 | D:1      | Learned a level 2 spell: Passwall
   376 | D:1      | Learned a level 3 spell: Stone Arrow
   590 | D:1      | Bought a scroll labelled UTEOTAEXYU for 20 gold pieces
   590 | D:1      | Bought a scroll labelled SIKHLIV ZIPERAS for 20 gold pieces
   590 | D:1      | Bought a white potion for 18 gold pieces
   846 | D:2      | Reached XP level 4. HP: 24/24 MP: 9/12
   851 | D:2      | Learned a level 4 spell: Petrify
  1011 | D:2      | Found a faded altar of an unknown god.
  1019 | D:2      | Prayed at the altar of an unknown god.
  1019 | D:2      | Became a worshipper of Ashenzari the Shackled
  1021 | D:2      | Fell from the grace of Ashenzari
  1043 | D:2      | Reached skill level 5 in Spellcasting
  1146 | D:2      | Found a hide-covered altar of Uskayaw.
  1403 | D:3      | Reached skill level 5 in Earth Magic
  1403 | D:3      | Reached XP level 5. HP: 16/28 MP: 6/14
  1501 | D:3      | Learned a level 4 spell: Leda's Liquefaction
  1790 | D:4      | Noticed an ogre
  1793 | D:4      | Killed an ogre
  1794 | D:4      | Was forgiven by Ashenzari
  1794 | D:4      | Reached skill level 6 in Spellcasting
  1978 | D:4      | Found a snail-covered altar of Cheibriados.
  1978 | D:4      | Noticed Menkaure
  1988 | D:4      | Killed Menkaure
  1989 | D:4      | Reached XP level 6. HP: 32/32 MP: 14/17
  2007 | D:4      | Found a shadowy altar of Dithmenos.
  2016 | D:4      | Found a glowing golden altar of the Shining One.
  2018 | D:4      | Found an iron altar of Okawaru.
  2024 | D:4      | Found an ornate altar of the Wu Jian Council.
  2053 | D:4      | Noticed Eustachio
  2061 | D:4      | Killed Eustachio
  2062 | D:4      | Reached skill level 7 in Spellcasting
  2062 | D:4      | Reached XP level 7. HP: 24/36 MP: 12/19
  2180 | D:4      | Found a runed translucent door.
  2181 | D:4      | Noticed Crazy Yiuf
  2188 | D:4      | Killed Crazy Yiuf
  2565 | D:4      | Noticed Grinder
  2569 | D:4      | Paralysed by Grinder for 5 turns
  2574 | D:4      | Slain by Grinder

Illustrated notes

Levels and vault maps discovered:
D:1:      saegor_arrival_simple_b, layout_basic, serial_shops, shop,
          minmay_misc_feat_x
D:2:      layout_basic, hellmonk_ecumenical_altar_prayer_group, basic_altar,
          chequers_serial_rivers_small_3, kennysheep_donut, minivault_26
D:3:      layout_basic
D:4:      layout_loops_corners, nicolae_overflow_hallway_of_the_gods,
          uniq_grinder, uniq_menkaure, uniq_crazy_yiuf_cottage, uniq_eustachio

Skill      XL: |  1  2  3  4  5  6 |
---------------+-------------------+-----
Spellcasting   | 4 5 6 7 |  7.6
Earth Magic    | 4 5 6 |  6.7
Dodging        | |  2.4
Stealth        | |  2.4
Transmutations | |  1.1

Action                   |  1- 3 |  4- 6 |  7- 9 || total
-------------------------+-------+-------+-------++-------
Melee: Mace              |       |       |   283 ||   283
       Unarmed           |       |       |    23 ||    23
       Punch             |       |       |    11 ||    11
 Cast: Sandblast         |    54 |    59 |    10 ||   123
Invok: Renounce Religion |       |     1 |       ||     1
Armor: Robe              |     3 |     5 |       ||     8
Dodge: Dodged            |    26 |    10 |     3 ||    39
